 Dungeon Crawl Stone Soup version 0.28.0 (webtiles) character file.

Game seed: 890185264996435889

670 enile the Skirmisher (level 7, 0/60 HPs)
             Began as a Formicid Fighter on Feb 17, 2022.
             Was a Priest of Cheibriados.
             Slain by an ogre (10 damage)
             ... on level 4 of the Dungeon.
             The game lasted 00:10:50 (5125 turns).

enile the Skirmisher (Formicid Fighter)             Turns: 5125, Time: 00:10:51

Health: 0/60       AC:  7    Str: 27 (28) XL:     7   Next: 89%
Magic:  7/7        EV: 10    Int: 14      God:    Cheibriados [***...]
Gold:   160        SH:  6    Dex: 22      Spells: 6/6 levels left

rFire   . . .      SeeInvis +   a - +1 quarterstaff
rCold   . . .      Faith    .   c - +0 buckler
rNeg    . . .      Spirit   .   b - +0 scale mail
rPois   .          Reflect  .   (helmet unavailable)
rElec   .          Harm     .   (no cloak)
rCorr   .          Rampage  .   (no gloves)
Will    .....                   (no boots)
Stlth   ..........              (no amulet)
HPRegen 0.20/turn               g - +6 ring of dexterity
MPRegen 0.10/turn               (no ring)

@: very slow
A: permanent stasis, dig shafts and tunnels, antennae 3, four strong arms
a: Dig, Shaft Self, Renounce Religion, Bend Time, Temporal Distortion


You were on level 4 of the Dungeon.
You worshipped Cheibriados.
Cheibriados was most pleased with you.
You visited 1 branch of the dungeon, and saw 4 of its levels.
You also visited: Sewer.

You collected 160 gold pieces.

Inventory:

Hand Weapons
 a - a +1 quarterstaff (weapon)
 l - a +1 spear of venom
 s - a +0 war axe
Missiles
 d - 27 poisoned darts (quivered)
 m - 3 boomerangs
Armour
 b - a +0 scale mail (worn)
 c - a +0 buckler (worn)
Jewellery
 g - a +6 ring of dexterity (left hand)
 o - a +4 ring of protection
Wands
 n - a wand of polymorph (7)
Scrolls
 h - a scroll of blinking
 k - a scroll of fog
 t - a scroll of immolation {unknown}
Potions
 e - a potion of experience {unknown}
 f - a potion of might
 p - a potion of resistance {unknown}
 q - a potion of curing
 r - 3 potions of heal wounds {unknown}


   Skills:
 - Level 7.0 Fighting
 - Level 2.0 Staves
 - Level 3.0 Throwing
 - Level 5.0 Armour
 + Level 1.0 Dodging
 - Level 5.0 Shields


You had 6 spell levels left.
You didn't know any spells.
Your spell library contained the following spells:

 Spells                   Type           Power      Damage    Failure   Level
 Sandblast                Erth           0%         2d4       58%         1
 Passwall                 Tmut/Erth      0%         N/A       75%         2
 Stone Arrow              Conj/Erth      0%         3d7       92%         3
 Animate Dead             Necr           0%         N/A       100%        4
 Haunt                    Necr/Summ      0%         N/A       100%        7
 Infestation              Necr           0%         N/A       100%        8


Dungeon Overview and Level Annotations

Branches:
Dungeon (4/15)              Sewer (visited)
 Temple: D:4-7

Altars:
Cheibriados
Makhleb
Qazlal


Innate Abilities, Weirdness & Mutations

You cannot be hasted, slowed, berserked, paralysed or teleported.
You can dig through walls and to a lower floor.
You have a pair of large antennae on your head. (SInv)
Your four strong arms can wield two-handed weapons with a shield.


Message History

Press: ? - help, Q - select action, (/) - cycle Shift-Dir - straight line, f - ogre
Aim: an ogre, wielding a +0 giant club (79% to hit)
You throw a poisoned dart. The poisoned dart hits the ogre.
Throw: 30 darts (poison)
Press: ? - help, Q - select action, (/) - cycle Shift-Dir - straight line, f/p - ogre
Aim: an ogre, wielding a +0 giant club (79% to hit)
You throw a poisoned dart. The poisoned dart hits the ogre.
The ogre is poisoned.
Throw: 29 darts (poison)
Press: ? - help, Q - select action, (/) - cycle Shift-Dir - straight line, f/p - ogre
Aim: an ogre, wielding a +0 giant club (lightly wounded, poisoned, 79% to hit)
You throw a poisoned dart. The poisoned dart hits the ogre.
The ogre looks even sicker.
The ogre is lightly wounded.
Throw: 28 darts (poison)
Press: ? - help, Q - select action, (/) - cycle Shift-Dir - straight line, f/p - ogre
Aim: an ogre, wielding a +0 giant club (lightly wounded, very poisoned, 79% to hit)
You throw a poisoned dart. The poisoned dart hits the ogre.
The ogre looks even sicker.
The ogre is lightly wounded.
You block the ogre's attack. The ogre barely misses you.
You hit the ogre but do no damage.
The ogre is moderately wounded.
The ogre barely misses you.
You hit the ogre.
The ogre is moderately wounded.
The ogre hits you with a +0 giant club!!
The ogre hits you with a +0 giant club! The ogre hits you with a +0 giant club!
* * * LOW HITPOINT WARNING * * *
Throw: dart (curare)
Press: ? - help, Q - select action, (/) - cycle Shift-Dir - straight line, f/p - ogre
Aim: an ogre, wielding a +0 giant club (heavily wounded, poisoned, 79% to hit)
You throw a curare-tipped dart. The curare-tipped dart hits the ogre.
The ogre looks even sicker.
The ogre convulses.
The ogre seems to slow down.
The ogre is severely wounded.
The ogre hits you with a +0 giant club!
You die...

.......#.....#...#.....#
.......#.....#...#.....#
.......#.....#...#.....#
.......'.....#...#.....#
.......#.....#...#.....#
.####+##.....#...#######
#...........#....#
#.....<....>#....#
#......######.@..#
#......'......O..#
........#.<.......#
........#.........#
........#.........#
........#...##....#
........#...##...##
........#...##...#
##......#....'...# ###


You could see an ogre (very poisoned, slow).

Vanquished Creatures
  6 kobold brigands (Sewer)
  7 gnolls
  8 adders
  4 river rats
  2 worms (Sewer)
  2 dart slugs
  11 ball pythons
  7 bats
  6 endoplasms
  2 giant cockroaches
  3 goblins
  4 hobgoblins
  3 jackals (D:2)
  10 kobolds
  3 quokkas (D:2)
  5 frilled lizards
  8 rats
91 creatures vanquished.

Notes
Turn   | Place    | Note
-------+----------+-------------------------------------------
     0 | D:1      | enile the Formicid Fighter began the quest for the Orb.
     0 | D:1      | Reached XP level 1. HP: 18/18 MP: 1/1
   589 | D:2      | Reached XP level 2. HP: 20/25 MP: 2/2
  1168 | D:2      | Reached skill level 4 in Fighting
  1253 | D:2      | Reached XP level 3. HP: 28/31 MP: 3/3
  1615 | D:2      | Found a stormy altar of Qazlal.
  1634 | D:2      | Reached skill level 5 in Fighting
  1634 | D:2      | Reached XP level 4. HP: 39/39 MP: 4/4
  2112 | D:1      | Reached XP level 5. HP: 40/44 MP: 5/5
  2209 | D:1      | Found a faded altar of an unknown god.
  2229 | D:1      | Prayed at the altar of an unknown god.
  2229 | D:1      | Became a worshipper of Cheibriados the Contemplative
  2229 | D:1      | Reached * piety under Cheibriados
  2281 | D:1      | Reached skill level 5 in Shields
  2771 | D:3      | Found a glowing drain.
  2824 | Sewer    | Entered a sewer
  2975 | Sewer    | Noticed a kobold brigand
  2976 | Sewer    | Reached ** piety under Cheibriados
  3003 | Sewer    | Killed a kobold brigand
  3004 | Sewer    | Reached skill level 5 in Armour
  3004 | Sewer    | Reached XP level 6. HP: 12/51 MP: 6/6
  3548 | Sewer    | Reached skill level 6 in Fighting
  3548 | Sewer    | Reached XP level 7. HP: 50/59 MP: 7/7
  3752 | Sewer    | Reached skill level 7 in Fighting
  4450 | D:3      | Reached *** piety under Cheibriados
  4707 | D:3      | Found a burning altar of Makhleb.
  4730 | D:3      | Reached skill level 1 in Dodging
  5125 | D:4      | Slain by an ogre

Illustrated notes

Levels and vault maps discovered:
D:1:      lightli_arrival_lavapool, layout_loops_ring,
          chequers_ecumenical_altar_island, grunt_decor_clamped, moated_statue
D:2:      layout_basic, basic_altar
D:3:      layout_loops_cross, mainiacjoe_overflow_surrounded_room,
          portal_sewer_entry_b, minmay_misc_feat_columns
D:4:      layout_gridville

Skill      XL: |  1  2  3  4  5  6  7 |
---------------+----------------------+-----
Fighting       | 4 5 6 7 |  7.0
Shields        | 4 5 |  5.0
Armour         | 5 |  5.0
Throwing       | 3 |  3.0
Dodging        | 1 |  1.0
Staves         | |  2.0

Action                   |  1- 3 |  4- 6 |  7- 9 || total
-------------------------+-------+-------+-------++-------
Melee: Quarterstaff      |    74 |    26 |   114 ||   214
       Spear             |     4 |    79 |       ||    83
Throw: Boomerang         |       |     8 |       ||     8
       Dart              |       |     6 |    13 ||    19
 Abil: Dig               |       |     2 |       ||     2
  Use: Potion            |     2 |     5 |     1 ||     8
       Scroll            |       |     2 |     2 ||     4
Armor: Scale mail        |    23 |    43 |    19 ||    85
       Skin              |       |     7 |     6 ||    13
Dodge: Dodged            |    40 |    44 |    38 ||   122
Block: Buckler           |    20 |    30 |    27 ||    77
